 Dungeon Crawl Stone Soup version 0.30.0 (webtiles) character file.

Game seed: 7171037051269642308

989 SeerSkye the Trooper (level 8, -7/71 HPs)
             Began as a Human Wanderer on May 6, 2023.
             Was a Believer of Ru.
             Splashed by a jelly's acid (8 damage)
             ... on level 5 of the Dungeon.
             The game lasted 00:20:51 (4951 turns).

SeerSkye the Trooper (Human Wanderer)               Turns: 4951, Time: 00:20:52

Health: -7/71      AC: -4    Str: 11    XL:     8   Next: 41%
Magic:  9/9        EV:  8    Int: 13    God:    Ru [**....]
Gold:   75         SH:  5    Dex: 19    Spells: 8/9 levels left

rFire   . . .        a - +4 dagger (venom)
rCold   + . .        (shield unavailable)
rNeg    + . .        f - +0 scale mail
rPois   .            (no helmet)
rElec   .            (no cloak)
rCorr   .            t - +1 pair of gloves
SInv    +            (no boots)
Will    .....        q - amulet "Anih Xotz" {Reflect rN+ Dex+3 SH+5}
Stlth   ++           (ring unavailable)
HPRegen 0.31/turn    b - ring of see invisible
MPRegen 0.11/turn

%: reflection
@: corroded
A: missing a hand, talons 1, cold resistance 1, robust 1, wild magic 1
a: Renounce Religion


You were on level 5 of the Dungeon.
You worshipped Ru.
Ru was pleased with you.
You visited 2 branches of the dungeon, and saw 7 of its levels.

You collected 270 gold pieces.
You spent 195 gold pieces at shops.

Inventory:

Hand Weapons
 a - a +4 dagger of venom (weapon)
 g - a +0 war axe
Missiles
 k - 6 poisoned darts (quivered)
 x - 2 throwing nets
Armour
 e - a +0 robe
 f - a +0 scale mail (worn)
 t - a +1 pair of gloves (worn)
Jewellery
 b - a ring of see invisible (right hand)
 q - the amulet "Anih Xotz" (around neck) {Reflect rN+ Dex+3 SH+5}
   (You acquired it on level 6 of the Dungeon)

   [amulet of reflection]

   It reflects blocked missile attacks.
   Dex:       It affects your dexterity (+3).
   rN:        It protects you from negative energy.
   SH:        It affects your SH (+5).
Scrolls
 c - a scroll of fog
 h - 2 scrolls of identify {@r1}
 i - a scroll of teleportation
 o - a scroll of fear
 p - a scroll of blinking
Potions
 d - a potion of brilliance
 j - a potion of mutation
 m - a potion of attraction
 n - a potion of ambrosia
 s - 2 potions of heal wounds {@q2}


   Skills:
 + Level 6.4 Fighting
 * Level 6.3 Short Blades
 - Level 1.0 Throwing
 - Level 1.0 Dodging
 - Level 4.0 Stealth
 - Level 1.0 Spellcasting
 - Level 1.0 Conjurations
 - Level 1.0 Invocations


You had 8 spell levels left.
You knew the following spells:

 Your Spells              Type           Power      Damage    Failure   Level
a - Kiss of Death         Conj/Necr      8%         2d6       87%         1

Your spell library contained the following spells:

 Spells                   Type           Power      Damage    Failure   Level
 Freeze                   Ice            0%         1d3       91%         1
 Summon Small Mammal      Summ           0%         N/A       91%         1
 Ensorcelled Hibernation  Hex/Ice        0%         N/A       97%         2
 Call Canine Familiar     Summ           0%         N/A       99%         3
 Frozen Ramparts          Ice            0%         1d1       99%         3
 Hailstorm                Conj/Ice       2%         3d3       99%         3
 Spider Form              Tmut/Pois      0%         N/A       99%         3
 Stone Arrow              Conj/Erth      4%         3d7       99%         3
 Summon Guardian Golem    Hex/Summ       0%         N/A       99%         3
 Anguish                  Hex/Necr       0%         N/A       100%        4
 Animate Armour           Summ/Erth      0%         N/A       100%        4
 Lehudib's Crystal Spear  Conj/Erth      1%         10d2      100%        8


Dungeon Overview and Level Annotations

Branches:
Dungeon (6/15) Zot: 26720  Temple (1/1) D:4 Zot: 5936

Altars:
Cheibriados
Dithmenos
Hepliaklqana
Kikubaaqudgha
Makhleb
Nemelex Xobeh
Okawaru
Qazlal
Ru
Sif Muna
Uskayaw
Vehumet
Yredelemnul
Zin
The Shining One

Shops:
D:4 !   D:5 [

Annotations:
D:5 1 runed translucent door, wolfgangpup's ghost, novice GrEE
D:6 Maggie


Innate Abilities, Weirdness & Mutations

You are missing a hand.
You have sharp toenails.
Your flesh is cold resistant. (rC+)
You are robust. (+10% HP)
Your spells are a little harder to cast, but a little more powerful.


Message History

The jelly hits you but does no damage.
The orc priest mumbles some strange prayers to Beogh against you.
Pain shoots through your body!
* * * LOW HITPOINT WARNING * * *
You hit the orc priest.
The orc priest looks as sick as possible!
The orc priest is severely wounded.
You kill the orc priest!
The jelly hits you.
* * * LOW HITPOINT WARNING * * *
The acid corrodes you!
You are splashed with acid!
* * * LOW HITPOINT WARNING * * *
Things that are here:
a +0 mace; a +0 chain mail; an orc corpse The jelly attacks as you move away!
You block the jelly's attack.
Things that are here:
a +0 giant club; an ogre corpse
Casting: Kiss of Death (safe; 87% risk of failure)
Confirm with . or Enter, or press ? or * to list all spells.
Okay, then.
Okay, then.
You hit the jelly.
Your hand burns!
* * * LOW HITPOINT WARNING * * *
The jelly is heavily wounded.
You hit the jelly but do no damage.
Your hand burns!
* * * LOW HITPOINT WARNING * * *
The jelly is heavily wounded.
The jelly hits you.
* * * LOW HITPOINT WARNING * * *
The acid corrodes you!
You are splashed with acid!
* * * LOW HITPOINT WARNING * * *
You hit the jelly but do no damage.
The jelly looks even sicker.
Your hand burns!
* * * LOW HITPOINT WARNING * * *
You claw the jelly, but do no damage.
The jelly is severely wounded.
The jelly hits you.
* * * LOW HITPOINT WARNING * * *
You are splashed with acid!
You die...

############## ##.....>)J@...#
#.......#####.# #######..####.#
#.# ..............# #.#
#######..####.# #.# #..# ##.##
#.# #######..###...####.#####
........................#######
.###......#....####...........#


You could see a jelly (very poisoned).

Vanquished Creatures
  An ice beast (D:5)
  An ogre (D:5)
  2 phantoms (D:5)
  A kobold brigand (D:5)
  3 scorpions
  A howler monkey (D:4)
  2 hounds (D:5)
  An orc priest (D:5)
  3 orc wizards
  4 adders
  3 gnolls (D:5)
  An ufetubus (D:4)
  A worm (D:2)
  5 dart slugs
  9 orcs
  4 ball pythons
  6 bats
  8 endoplasms
  4 giant cockroaches
  10 goblins
  8 hobgoblins
  12 kobolds
  5 quokkas
  4 frilled lizards
  7 rats
106 creatures vanquished.

Vanquished Creatures (collateral kills)
  An orc wizard (D:3)
  A ball python (D:3)
2 creatures vanquished.

Vanquished Creatures (others)
  An orc wizard (D:3)
  13 plants (D:5)
14 creatures vanquished.

Grand Total: 122 creatures vanquished

Notes
Turn   | Place    | Note
-------+----------+-------------------------------------------
     0 | D:1      | SeerSkye the Human Wanderer began the quest for the Orb.
     0 | D:1      | SeerSkye set off with the following items: a +2 dagger, a
                  | scroll of summoning, a scroll of fog, a potion of
                  | brilliance, a +0 robe; and the following spell memorised:
                  | Kiss of Death; and the following spells available to
                  | memorise: Hailstorm.
     0 | D:1      | Reached XP level 1. HP: 15/15 MP: 2/2
   106 | D:1      | Reached XP level 2. HP: 18/21 MP: 3/3
   129 | D:1      | Reached skill level 1 in Short Blades
   306 | D:1      | Reached XP level 3. HP: 24/27 MP: 4/4
  1105 | D:2      | Noticed a scorpion
  1105 | D:2      | You fall into a shaft and drop 2 floors!
  1227 | D:4      | Reached XP level 4. HP: 34/34 MP: 5/5
  1235 | D:5      | Entered Level 5 of the Dungeon
  1483 | D:2      | Reached XP level 5. HP: 38/41 MP: 6/6
  2170 | D:3      | Gained mutation: You are robust. (+10% HP) [potion of
                  | mutation]
  2170 | D:3      | Gained mutation: Your flesh is cold resistant. (rC+)
                  | [potion of mutation]
  2170 | D:3      | Gained mutation: You have sharp toenails. [potion of
                  | mutation]
  2170 | D:3      | Gained mutation: Your spells are a little harder to cast,
                  | but a little more powerful. [potion of mutation]
  2179 | D:3      | Reached XP level 6. HP: 45/53 MP: 7/7
  2764 | D:3      | Reached skill level 5 in Fighting
  3041 | D:4      | Found a staircase to the Ecumenical Temple.
  3049 | Temple   | Entered the Ecumenical Temple
  3102 | Temple   | Became a worshipper of Ru the Awakened
  3177 | D:4      | Found Axor's Distillery.
  3185 | D:4      | Bought a potion of heal wounds for 65 gold pieces
  3185 | D:4      | Bought a potion of haste for 130 gold pieces
  3390 | D:5      | Found Hexick's Armour Shop.
  3413 | D:5      | Reached XP level 7. HP: 55/61 MP: 8/8
  3853 | D:5      | Reached skill level 5 in Short Blades
  3946 | D:5      | Reached XP level 8. HP: 60/70 MP: 9/9
  4363 | D:5      | Found a runed translucent door.
  4365 | D:5      | Noticed wolfgangpup's ghost (novice GrEE)
  4484 | D:5      | Gained mutation: You are missing a hand. [Ru sacrifice]
  4484 | D:5      | Reached * piety under Ru
  4484 | D:5      | Reached ** piety under Ru
  4674 | D:6      | Identified a scroll of acquirement
  4674 | D:6      | Acquired the amulet "Anih Xotz" {Reflect rN+ Dex+3 SH+5}
  4753 | D:6      | Noticed Maggie
  4763 | D:5      | HP: 1/70 [ogre/+0 giant club (24)]
  4951 | D:5      | HP: 3/71 [acid (4)]
  4951 | D:5      | HP: 1/71 [jelly (2)]
  4951 | D:5      | Splashed by a jelly's acid

Illustrated notes

Levels and vault maps discovered:
D:1:      minmay_arrival_four_circles, layout_loops_ring
D:2:      layout_loops_cross, amethyst_killhole, minmay_quantized
D:3:      layout_basic, corexii_leaking_fountain
D:4:      layout_loops_ring, minmay_temple_entry_tees, serial_shops, shop
D:5:      layout_loops_ring, serial_shops, shop, ebering_ghost_reflecting_pool,
          lexackson_kobold_supper
D:6:      layout_basic, elyvilon_altar_3, lightli_ossuary_entry_decrepit_ruins,
          uniq_maggie
Temple:   hellmonk_temple_of_storms

Skill      XL: |  1  2  3  4  5  6  7  8 |
---------------+-------------------------+-----
Short Blades   | 1 2 3 5 6 |  6.3
Fighting       | 2 3 4 5 6 |  6.4
Throwing       | |  1.0
Dodging        | |  1.0
Stealth        | |  4.0
Spellcasting   | |  1.0
Conjurations   | |  1.0
Invocations    | |  1.0

Action                     |  1- 3 |  4- 6 |  7- 9 || total
---------------------------+-------+-------+-------++-------
  Melee: Dagger            |   123 |   175 |   125 ||   423
         Punch             |     1 |     4 |     1 ||     6
         Kick              |       |    13 |    42 ||    55
  Throw: Dart              |     2 |    14 |       ||    16
 Invoke: Sacrifice a Hand  |       |       |     1 ||     1
    Use: Scroll            |       |     2 |     9 ||    11
         Potion            |       |     2 |     2 ||     4
   Stab: Sleeping          |     2 |       |       ||     2
 Armour: Scale mail        |    58 |    80 |    46 ||   184
  Dodge: Dodged            |    51 |    41 |    25 ||   117
  Block: Other             |       |       |     3 ||     3
